 Dungeon Crawl Stone Soup version 0.26.1-11-gd32895ea62 (webtiles) character file.

Game seed: 14899393852466896211

233 Almogavar the Chopper (level 6, -4/53 HPs)
             Began as a Hill Orc Fighter on May 27, 2021.
             Killed by divine providence
             ... invoked by an orc priest
              (16 damage)
             ... on level 2 of the Dungeon.
             The game lasted 00:04:14 (1256 turns).

Almogavar the Chopper (Hill Orc Fighter)            Turns: 1256, Time: 00:04:16

Health: -4/53      AC: 10    Str: 21    XL:     6   Next: 4%
Magic:  6/6        EV:  8    Int:  8    God:
Gold:   94         SH:  9    Dex: 10    Spells: 5/5 levels left

rFire    . . .     SeeInvis .   a - +0 war axe
rCold    . . .     Faith    .   c - +0 kite shield
rNeg     . . .     Spirit   .   b - +0 scale mail
rPois    .         Reflect  .   (no helmet)
rElec    .         Harm     .   q - +2 cloak
rCorr    +         Rampage  .   (no gloves)
Will     .....                  (no boots)
Stlth    ..........             (no amulet)
HPRegen  0.17/turn              e - ring of resist corrosion
MPRegen  0.10/turn              (no ring)

@: no status effects
A: no striking features
a: Convert to Beogh


You were on level 2 of the Dungeon.
You visited 1 branch of the dungeon, and saw 2 of its levels.

You collected 94 gold pieces.

Inventory:

Hand Weapons
 a - a +0 war axe (weapon)
Missiles
 f - 3 curare-tipped darts
 i - 11 poisoned darts (quivered)
Armour
 b - a +0 scale mail (worn)
 c - a +0 kite shield (worn)
 q - a +2 cloak (worn)
Jewellery
 e - a ring of resist corrosion (left hand)
Scrolls
 j - a scroll of amnesia {unknown}
 l - a scroll of enchant armour {unknown}
 m - a scroll of enchant weapon {unknown}
 n - a scroll of teleportation {unknown}
 p - a scroll of magic mapping {unknown}
Potions
 d - a potion of might
 g - a potion of haste
 h - a potion of lignification
 k - 2 potions of curing {unknown}
 o - a potion of cancellation {unknown}


   Skills:
 + Level 4.4 Fighting
 + Level 5.2 Axes
 + Level 0.2 Throwing
 + Level 4.4 Armour
 + Level 0.8 Dodging
 + Level 0.1 Stealth
 + Level 4.3 Shields


You had 5 spell levels left.
You didn't know any spells.
Your spell library was empty.

Dungeon Overview and Level Annotations

Branches:
Dungeon (2/15)

Altars:


Message History

Unknown command.
Throw: 12 darts (poison)
Press: ? - help, Q - select action, (/) - cycle Shift-Dir - straight line, f/p - orc priest
Aim: an orc priest, wearing a +0 ring mail (61% to hit)
You throw a poisoned dart.
The poisoned dart barely misses the orc priest.
The orc priest threatens, "By the altar or by the axe, you will meet Beogh!"
The orc priest shouts, "Join the one true god or die!"
The orc priest casts a cantrip, but nothing happens.
You barely miss the orc priest. The orc priest hits you.
The orc warrior hits you from afar with a +0 trident!
The orc priest begins to cast a cantrip, but forgets the words!
You are too injured to fight recklessly!
You are too injured to fight recklessly!
The orc priest invokes the aid of Beogh against you.
Beogh smites you!
* * * LOW HITPOINT WARNING * * *
The orc priest invokes the aid of Beogh against you.
Beogh smites you!
You die...

##.#.#####.##........# #.
#.........##.#.####.# #o
###.########.#.# #.# #( ##)##
#.#.## #.# #( ##...## #.#..# #.#
#.#### ##.<...## #.##.# #.#
#.o..# #.......## #..#.###.#
####.##
.....)...####........######...###
.........'...†..@..oo.o..........
.........####...#.########.....##
#.......## ##.##.# #.#.#.#
##.....## ####.# #...#.# ##...##
#.# #..##.# ##+## #.# #... .# #.#
##.## #.# .# .#


You could see an orc warrior and 2 orc priests.

Vanquished Creatures
  Sigmund (D:2)
  Terence (D:1)
  An adder (D:2)
  A worm (D:2)
  A dart slug (D:1)
  A leopard gecko (D:1)
  A ball python (D:1)
  8 bats (D:1)
  A giant cockroach (D:1)
  4 goblins
  4 hobgoblins (D:1)
  2 frilled lizards
  4 kobolds (D:1)
  5 rats (D:1)
35 creatures vanquished.

Notes
Turn   | Place    | Note
-------+----------+-------------------------------------------
     0 | D:1      | Almogavar the Hill Orc Fighter began the quest for the Orb.
     0 | D:1      | Reached XP level 1. HP: 19/19 MP: 1/1
    34 | D:1      | Reached XP level 2. HP: 15/27 MP: 2/2
   443 | D:1      | Reached XP level 3. HP: 32/33 MP: 3/3
   445 | D:1      | Reached skill level 3 in Axes
   846 | D:2      | Noticed Terence
   859 | D:1      | Killed Terence
   860 | D:1      | Reached XP level 4. HP: 34/40 MP: 4/4
  1044 | D:2      | Noticed Sigmund
  1165 | D:2      | Killed Sigmund
  1166 | D:2      | Reached skill level 5 in Axes
  1166 | D:2      | Reached XP level 5. HP: 47/47 MP: 5/5
  1166 | D:2      | Reached XP level 6. HP: 53/53 MP: 6/6
  1238 | D:2      | Noticed an orc warrior
  1256 | D:2      | Killed from afar by an orc priest

Illustrated notes

Levels and vault maps discovered:
D:1:      dpeg_arrival_simpleton_c, layout_rooms, minivault_5
D:2:      minmay_diamond_boxcup, layout_loops_corners, tgw_xom, uniq_jessica,
          uniq_terence, uniq_robin, uniq_sigmund

Skill      XL: |  1  2  3  4 |
---------------+-------------+-----
Fighting       | 4 |  4.4
Axes           | 3 5 |  5.2
Armour         | 4 |  4.4
Shields        | 4 |  4.3
Throwing       | |  0.2
Dodging        | |  0.8
Stealth        | |  0.1

Action                   |  1- 3 |  4- 6 || total
-------------------------+-------+-------++-------
Melee: War axe           |    72 |    23 ||    95
Throw: Dart              |       |     6 ||     6
  Use: Scroll            |     2 |     1 ||     3
Armor: Scale mail        |    41 |     8 ||    49
Dodge: Dodged            |    29 |     5 ||    34
Block: Kite shield       |    55 |     8 ||    63
